 Dungeon Crawl Stone Soup version 0.27.0-1-g7a089689b8 (webtiles) character file.

Game seed: 14625288265295563788

42159 jamesdean20 the Fencer (level 13, 0/118 HPs)
             Began as a Minotaur Fighter on Aug 5, 2021.
             Was an Elder of Trog.
             Slain by Jorgrun (4 damage)
             ... on level 1 of the Elven Halls.
             The game lasted 02:21:04 (13875 turns).

jamesdean20 the Fencer (Minotaur Fighter)          Turns: 13875, Time: 02:21:04

Health: 0/118      AC: 19    Str: 23    XL:     13   Next: 83%
Magic:  12/12      EV:  7    Int:  7    God:    Trog [****..]
Gold:   518        SH: 18    Dex: 13    Spells: 12/12 levels left

rFire    + . .     SeeInvis +   p - +7 Screaming Sword {vorpal, sonic wave}
rCold    . . .     Faith    .   c - +0 kite shield
rNeg     . . .     Spirit   .   a - +3 chain mail {Will+}
rPois    .         Reflect  +   t - +1 hat
rElec    .         Harm     .   b - +0 cloak
rCorr    .         Rampage  .   f - +0 pair of gloves
Will     +++..     Clarity  +   (no boots)
Stlth    ..........             q - amulet of reflection
HPRegen  1.29/turn              s - ring of protection from fire
MPRegen  0.13/turn              o - ring of see invisible

@: grasped by roots, strong-willed, regenerating, constricted
A: horns 2, retaliatory headbutt, see invisible, clarity, clever 1
a: Renounce Religion, Berserk, Trog's Hand, Brothers in Arms


You were on level 1 of the Elven Halls.
You worshipped Trog.
Trog was greatly pleased with you.
You visited 3 branches of the dungeon, and saw 14 of its levels.
You also visited: Ice Cave.

You collected 1687 gold pieces.
You spent 1169 gold pieces at shops.

Inventory:

Hand Weapons
 j - a +1 long sword of holy wrath
 k - a +2 vorpal hand crossbow
 p - the +7 Screaming Sword (weapon) {vorpal, sonic wave}
   (You found it on level 5 of the Dungeon)

   It inflicts extra damage upon your enemies.
   It radiates damaging sonic waves as it strikes, especially in combat
   involving dangerous or numerous foes.
 v - a +4 falchion
 y - a +0 war axe of distortion
 E - a +2 long sword of draining
 F - a +4 flail of holy wrath
Missiles
 m - 269 bolts
 n - 30 boomerangs
Armour
 a - a +3 chain mail of willpower (worn)
 b - a +0 cloak (worn)
 c - a +0 kite shield (worn)
 f - a +0 pair of gloves (worn)
 t - a +1 hat (worn)
 u - a +2 chain mail of cold resistance
 C - a +3 plate armour
Jewellery
 o - a ring of see invisible (right hand)
 q - an amulet of reflection (around neck)
 s - a ring of protection from fire (left hand)
 z - a ring of resist corrosion
Wands
 e - a wand of iceblast (20) (quivered)
 i - a wand of polymorph (8)
 w - a wand of paralysis (21)
 A - a wand of acid (5)
 D - a wand of digging (5)
Scrolls
 r - 5 scrolls of teleportation
 x - a scroll of silence
Potions
 d - 3 potions of might
 g - a potion of flight
 h - a potion of haste
 l - 4 potions of curing
 B - a potion of ambrosia {unknown}
 G - a potion of invisibility {unknown}


   Skills:
 + Level 12.0 Fighting
 + Level 15.8 Long Blades
 + Level 8.3 Axes
 + Level 12.2 Armour
 + Level 5.7 Dodging
 + Level 1.6 Stealth
 + Level 13.5 Shields


You had 12 spell levels left.
You didn't know any spells.
Your spell library contained the following spells:

 Spells                   Type           Power      Damage    Failure   Level
 Animate Skeleton         Necr           0%         N/A       96%         1
 Pain                     Necr           0%         1d4       96%         1
 Vampiric Draining        Necr           0%         2d6       100%        3
 Blade Hands              Tmut           0%         N/A       100%        5
 Irradiate                Conj/Tmut      0%         3d13      100%        5
 Dragon Form              Tmut           0%         N/A       100%        7


Dungeon Overview and Level Annotations

Branches:
Dungeon (11/15)            Temple (0/1) D:7            Lair (0/6) D:8
    Orc (2/2) D:11            Elf (1/3) Orc:2         IceCv (visited)

Altars:
Ashenzari
Dithmenos
Fedhas
Gozag
Hepliaklqana
Makhleb
Qazlal
Sif Muna
Trog
Vehumet
Wu Jian
The Shining One

Shops:
D:8 :*   D:10 *   Orc:2 [?=!

Annotations:
D:7 3 runed translucent doors, ZombieSheep's ghost, novice MiMo; ratboy's ghost, novice TrHu
Elf:1 Jorgrun


Innate Abilities, Weirdness & Mutations

You have a pair of horns on your head.
You reflexively headbutt those who attack you in melee.
You have supernaturally acute eyesight. (SInv)
You possess an exceptional clarity of mind.
Your mind is acute. (Int +2)


Message History

You hear a grinding noise.
Your skin crawls.
You feel strong-willed.
You hear a grinding noise.
Your ogre goes berserk!
Trog will no longer gift you weapons.
You hear a grinding noise.
Your ogre rages.
Jorgrun casts a spell next to your ogre.
You hear a grinding noise.
Jorgrun barely misses your ogre.
Your ogre completely misses Jorgrun.
Jorgrun gestures at you while chanting.
Your ogre is moving more slowly.
Your ogre completely misses Jorgrun.
Your ogre hits Jorgrun with a +0 giant club!!
Really attack near your ogre?
You hit Jorgrun.
The Screaming Sword goes, "RWARRR!"
You send a blast of sound all around you.
Your ogre and Jorgrun are blasted.
Your ogre is lightly wounded.
Jorgrun is moderately wounded. x2
Your ogre disappears in a puff of smoke!
You hear a shout! x4
Jorgrun points at you and mumbles some strange words.
Roots burst forth from the earth!
The grasping roots grab you! The grasping roots constrict you.
You hit Jorgrun but do no damage.
Jorgrun is moderately wounded.
You slice Jorgrun!!
Jorgrun is heavily wounded.
Jorgrun points at you and mumbles some strange words.
The iron shot hits you!!!
* * * LOW HITPOINT WARNING * * *
x2 The grasping roots constrict you!
You closely miss Jorgrun. Your headbutt misses Jorgrun.
Jorgrun is heavily wounded.
You block Jorgrun's attack.
You die...

.# #.# ##.## # #.# #.# ##.##
#. #.# #.# ##.# #'##
###.###'#### ##. +#...# ##.
#'#.....## ## ##.....####..
##.......## #
#.......##...##.........#
........................######
.........'..g@'.........'.....
.........######.........######
#.......## #.........#
##.....## ##.......## ##...#
##.....## #### #######


You could see Jorgrun.

Vanquished Creatures
  Gastronok (D:8)
  Snorg (D:11)
  A hydra (D:9)
  5 centaur warriors
  6 two-headed ogres
  5 dancing weapons (Elf:1)
  A tengu warrior (D:9)
  Urug (D:10)
  3 deep elf knights (Elf:1)
  The ghost of Goucsema the Slinger, a novice FoHu of Hepliaklqana (D:11)
  2 deep elf archers (Elf:1)
  7 orc knights
  2 deep elf zephyrmancers (Elf:1)
  6 deep elf pyromancers (Elf:1)
  An orc sorcerer (Orc:1)
  3 cyclopes
  2 manticores
  Maurice (Orc:2)
  Joseph (D:7)
  An unseen horror (D:10)
  A gargoyle (D:9)
  Maggie (D:7)
  2 ice devils (Orc:1)
  A freezing wraith (IceCv)
  2 hornets
  4 trolls
  2 slime creatures (D:9)
  A wraith (D:10)
  10 yaks
  2 vampires (D:11)
  A steam dragon (D:8)
  2 wargs
  2 acid dragons (D:9)
  Duvessa (D:7)
  2 water moccasins (D:10)
  33 orc warriors
  A black bear (D:4)
  2 ice beasts (D:5)
  2 sky beasts (D:6)
  2 necrophages
  6 ogres
  13 centaurs
  4 kobold brigands
  2 gnoll sergeants
  8 scorpions
  2 bullfrogs (D:6)
  A wyvern zombie (D:6)
  2 earth elementals (Elf:1)
  Dowan (D:7)
  A water moccasin skeleton (D:6)
  6 wights
  2 howler monkeys (D:7)
  A centaur zombie (D:8)
  10 orc priests
  2 bullfrog skeletons
  Terence (D:2)
  2 iguanas
  Natasha (thrice) (D:2)
  17 orc wizards
  A killer bee zombie (D:5)
  3 hound skeletons (D:5)
  A howler monkey zombie (D:9)
  7 gnolls
  17 adders
  A shadow imp (D:8)
  An ufetubus (D:5)
  A worm (D:3)
  A dart slug (D:2)
  55 orcs
  7 ball pythons
  5 endoplasms
  4 giant cockroaches
  5 goblins
  5 hobgoblins
  4 jackals (D:5)
  2 quokkas
  7 bats
  3 frilled lizards
  29 kobolds
  6 rats
374 creatures vanquished.

Vanquished Creatures (collateral kills)
  An orc warlord (Orc:1)
  An ugly thing (IceCv)
  A death yak simulacrum (IceCv)
  A warg (Orc:1)
  8 orc warriors
  2 ogres (Orc:1)
  A cane toad simulacrum (IceCv)
  An orc priest (Orc:1)
  A wolf simulacrum (IceCv)
  10 orcs (Orc:1)
27 creatures vanquished.

Vanquished Creatures (others)
  A deep elf pyromancer (Elf:1)
  An ogre (Orc:2)
  9 fungi (D:5)
  2 plants (D:3)
  17 withered plants
30 creatures vanquished.

Grand Total: 431 creatures vanquished

Notes
Turn   | Place    | Note
-------+----------+-------------------------------------------
     0 | D:1      | jamesdean20 the Minotaur Fighter began the quest for the
                  | Orb.
     0 | D:1      | Reached XP level 1. HP: 19/19 MP: 0/0
   187 | D:1      | Reached XP level 2. HP: 27/27 MP: 1/1
   627 | D:1      | Gained mutation: You possess an exceptional clarity of
                  | mind. [potion of mutation]
   627 | D:1      | Gained mutation: Your mind is acute. (Int +2) [potion of
                  | mutation]
   627 | D:1      | Gained mutation: You have supernaturally acute eyesight.
                  | (SInv) [potion of mutation]
   661 | D:2      | Reached XP level 3. HP: 33/33 MP: 2/2
   720 | D:2      | Noticed Natasha
   728 | D:2      | Killed Natasha
   729 | D:2      | Reached XP level 4. HP: 24/41 MP: 3/3
   781 | D:2      | Noticed Natasha
   884 | D:2      | Killed Natasha
   967 | D:2      | Noticed Natasha
   972 | D:2      | Killed Natasha
   981 | D:2      | Noticed Terence
   994 | D:2      | Killed Terence
   995 | D:2      | Reached XP level 5. HP: 43/47 MP: 4/4
  1000 | D:2      | Reached skill level 5 in Fighting
  1258 | D:3      | Found a burning altar of Makhleb.
  1319 | D:3      | Found a hazy altar of Hepliaklqana.
  1333 | D:3      | Reached skill level 1 in Dodging
  1706 | D:3      | Found a faded altar of an unknown god.
  1899 | D:4      | Noticed an ogre
  1907 | D:4      | Killed an ogre
  1908 | D:4      | Reached skill level 5 in Axes
  1908 | D:4      | Reached XP level 6. HP: 56/56 MP: 5/5
  2237 | D:4      | Found a bloodstained altar of Trog.
  2411 | D:4      | Became a worshipper of Trog the Wrathful
  2455 | D:5      | Entered Level 5 of the Dungeon
  2464 | D:5      | Reached skill level 5 in Shields
  2464 | D:5      | Reached XP level 7. HP: 29/61 MP: 6/6
  2744 | D:5      | Reached skill level 5 in Armour
  3371 | D:5      | Reached XP level 8. HP: 51/70 MP: 7/7
  3455 | D:5      | Found the +7 Singing Sword {vorpal, sonic wave}
  3691 | D:5      | Found a blossoming altar of Fedhas.
  3691 | D:5      | Found a stormy altar of Qazlal.
  3691 | D:5      | Found a broken altar of Ashenzari.
  3872 | D:5      | Reached skill level 1 in Long Blades
  3873 | D:5      | Reached skill level 3 in Long Blades
  3876 | D:5      | Reached skill level 4 in Long Blades
  3876 | D:5      | Reached XP level 9. HP: 58/78 MP: 8/8
  4613 | D:6      | Reached * piety under Trog
  4614 | D:6      | Reached skill level 5 in Long Blades
  4711 | D:6      | Reached skill level 6 in Long Blades
  4998 | D:6      | Found a shimmering blue altar of Sif Muna.
  4998 | D:6      | Found a glowing golden altar of the Shining One.
  5028 | D:6      | Reached skill level 7 in Long Blades
  5241 | D:7      | Noticed Dowan
  5244 | D:7      | Killed Dowan
  5244 | D:7      | Noticed Duvessa
  5255 | D:7      | Reached ** piety under Trog
  5365 | D:7      | Found a runed translucent gate.
  5366 | D:7      | Found a runed translucent gate.
  5367 | D:7      | Noticed Maggie
  5371 | D:7      | Killed Duvessa
  5372 | D:7      | Reached skill level 8 in Long Blades
  5372 | D:7      | Found a runed translucent gate.
  5372 | D:7      | Noticed Joseph
  5373 | D:7      | Killed Maggie
  5374 | D:7      | Reached skill level 1 in Stealth
  5385 | D:7      | Killed Joseph
  5386 | D:7      | Reached XP level 10. HP: 86/88 MP: 9/9
  5398 | D:7      | Reached skill level 9 in Long Blades
  5402 | D:7      | Noticed ratboy's ghost (novice TrHu)
  5406 | D:7      | Noticed ZombieSheep's ghost (novice MiMo)
  5455 | D:7      | Found an ornate altar of the Wu Jian Council.
  5579 | D:7      | Found a staircase to the Ecumenical Temple.
  5587 | D:7      | Noticed a two-headed ogre
  5602 | D:7      | Killed a two-headed ogre
  5949 | D:7      | Found a radiant altar of Vehumet.
  6218 | D:8      | Reached skill level 10 in Long Blades
  6348 | D:8      | Noticed Gastronok
  6361 | D:8      | Killed Gastronok
  6362 | D:8      | Reached skill level 11 in Long Blades
  6588 | D:8      | Found Leli's Book Boutique.
  6619 | D:8      | Reached *** piety under Trog
  6676 | D:8      | Found Muops's Gadget Gallery.
  6802 | D:8      | Reached XP level 11. HP: 97/97 MP: 10/10
  6940 | D:8      | Found a staircase to the Lair.
  7116 | D:9      | Noticed a two-headed ogre
  7128 | D:9      | Killed a two-headed ogre
  7249 | D:9      | Noticed a two-headed ogre
  7249 | D:9      | Noticed a centaur warrior
  7261 | D:9      | Killed a centaur warrior
  7267 | D:9      | Killed a two-headed ogre
  7267 | D:9      | Noticed a centaur warrior
  7268 | D:9      | Reached skill level 12 in Long Blades
  7273 | D:9      | Killed a centaur warrior
  7276 | D:9      | Noticed a four-headed hydra
  7277 | D:9      | Noticed a two-headed ogre
  7624 | D:9      | Killed an eight-headed hydra
  7632 | D:9      | Killed a two-headed ogre
  7633 | D:9      | Reached skill level 10 in Fighting
  7646 | D:9      | Noticed a tengu warrior
  7659 | D:9      | Killed a tengu warrior
  7660 | D:9      | Reached skill level 10 in Shields
  7687 | D:9      | Found an opulent altar of Gozag.
  7819 | D:9      | Reached skill level 13 in Long Blades
  7837 | D:9      | Reached skill level 10 in Armour
  8170 | D:10     | Entered Level 10 of the Dungeon
  8204 | D:10     | Noticed Urug
  8211 | D:10     | Killed Urug
  8351 | D:10     | Found a shadowy altar of Dithmenos.
  8405 | D:10     | Found Vamut's Serpentskin Sales.
  8416 | D:10     | Reached **** piety under Trog
  8441 | D:10     | Reached XP level 12. HP: 106/106 MP: 11/11
  9202 | D:11     | Found a runed translucent door.
  9202 | D:11     | Noticed Goucsema's ghost (novice FoHu)
  9257 | D:11     | Killed Goucsema's ghost
  9280 | D:11     | Noticed a two-headed ogre
  9287 | D:11     | Killed a two-headed ogre
  9486 | D:11     | Noticed Snorg
  9491 | D:11     | Killed Snorg
  9867 | D:11     | Noticed a centaur warrior
  9880 | D:11     | Killed a centaur warrior
  9970 | D:11     | Noticed a two-headed ogre
  9977 | D:11     | Killed a two-headed ogre
  9981 | D:11     | Found a staircase to the Orcish Mines.
 10238 | Orc:1    | Entered Level 1 of the Orcish Mines
 10344 | Orc:1    | Reached skill level 14 in Long Blades
 10344 | Orc:1    | Noticed an orc warlord
 10352 | Orc:1    | Killed an orc warlord
 10679 | Orc:1    | Found a frozen archway.
 10687 | Orc:1    | Reached ***** piety under Trog
 10688 | Orc:1    | Reached skill level 5 in Dodging
 10695 | IceCv    | Entered an ice cave
 10705 | IceCv    | Found a transporter.
 10724 | IceCv    | Found a transporter.
 11258 | Orc:2    | Entered Level 2 of the Orcish Mines
 11258 | Orc:2    | Noticed Maurice
 11266 | Orc:2    | Noticed a centaur warrior
 11270 | Orc:2    | Killed Maurice
 11272 | Orc:2    | Killed a centaur warrior
 11501 | Orc:2    | Reached XP level 13. HP: 111/116 MP: 12/12
 12154 | Orc:2    | Reached skill level 15 in Long Blades
 12618 | Orc:2    | Found Arphefoxt's Magic Scroll Shoppe.
 12618 | Orc:2    | Found Ibyhieri's Jewellery Boutique.
 12620 | Orc:2    | Found Zooveif's Distillery.
 12622 | Orc:2    | Found Jaegem's Antique Armour Emporium.
 12652 | Orc:2    | Found a staircase to the Elven Halls.
 12939 | Orc:2    | Bought a scroll of enchant armour for 105 gold pieces
 12947 | Orc:2    | Bought a scroll of identify for 28 gold pieces
 12947 | Orc:2    | Bought a scroll of identify for 28 gold pieces
 12966 | Orc:2    | Bought a pair of gloves for 126 gold pieces
 12982 | Orc:2    | Bought a scorched ring mail for 252 gold pieces
 12982 | Orc:2    | Identified the +0 ring mail of Huev {Drain rPois rF+ Int+4}
                  | (You bought it in a shop on level 2 of the Orcish Mines)
 12986 | Orc:2    | Bought a ring of protection from fire for 350 gold pieces
 12986 | Orc:2    | Bought a ring of resist corrosion for 280 gold pieces
 13077 | Elf:1    | Entered Level 1 of the Elven Halls
 13319 | Elf:1    | Received a gift from Trog
 13852 | Elf:1    | Noticed Jorgrun
 13874 | Elf:1    | HP: 3/118 [Jorgrun (16)]
 13875 | Elf:1    | Slain by Jorgrun

Illustrated notes

Levels and vault maps discovered:
D:1:      dpeg_arrival_erosion, layout_rooms, minivault_26,
          chequers_hall_statues_wall_a, columned_hall_lemuel,
          kennysheep_decorative_pillar, st_stairs_8,
          chequers_serial_rivers_marsh, chequers_garden
D:2:      layout_rooms, uniq_natasha, uniq_terence
D:3:      layout_loops_ring, mainiacjoe_overflow_concentric_impassable,
          nicolae_hepliaklqana_hazy_memory, ebering_ecumenical_altar_abandoned
D:4:      layout_cave_pools, mainiacjoe_overflow_surrounded_room,
          glass_columns_a
D:5:      old_forge, layout_basic, chequers_temple_overflow_statue_of_worship,
          roderic_roman_lattice
D:6:      layout_basic, jmf_multi_god_temple
D:7:      layout_cave_pools, amcnicky_altar_gilded, vehumet_crystals,
          minmay_temple_entry_large_hall, gammafunk_ghost_cemetery,
          kennysheep_generic_room_15, uniq_maggie, uniq_duvessa, uniq_joseph
D:8:      layout_cave_pods, lair_entry_dummy, serial_shops, shop, serial_undead,
          serial_undead_e, serial_undead_b, serial_undead_b, serial_undead_c,
          nicolae_shop_gadgets, uniq_gastronok
D:9:      layout_loops_cross, mainiacjoe_overflow_chevrons, enter_bailey_5,
          statue_in_the_mist_lemuel, minivault_28
D:10:     layout_basic, mainiacjoe_overflow_24_doors, minmay_misc_feat_iff,
          guppyfry_shop_venom, uniq_urug
D:11:     layout_roguey, orc_0_dummy, hellmonk_ghost_happy_afterlife,
          st_stairs_13, uniq_snorg
Orc:1:    layout_caves, portal_ice_cave_demonic_guard
Orc:2:    st_orc_rangers, layout_caves, uniq_maurice
Elf:1:    layout_geoelf_grid, serial_shops, shop, minivault_28,
          minmay_strange_pillars, uniq_jorgrun

Skill      XL: |  1  2  3  4  5  6  7  8  9 10 11 12 13 |
---------------+----------------------------------------+-----
Fighting       | 4 5 6 7 9 10 11 12 | 12.0
Armour         | 4 5 6 7 8 10 11 12 | 12.2
Shields        | 4 5 7 8 10 11 13 | 13.5
Axes           | 3 4 5 6 7 8 |  8.3
Dodging        | 1 2 3 4 5 |  5.7
Long Blades    | 4 8 11 13 14 15 | 15.8
Stealth        | 1 |  1.6

Action                   |  1- 3 |  4- 6 |  7- 9 | 10-12 | 13-15 || total
-------------------------+-------+-------+-------+-------+-------++-------
Melee: War axe           |    71 |   107 |    79 |       |       ||   257
       Headbutt          |    10 |    19 |    26 |    62 |    23 ||   140
       Double sword      |       |       |    96 |   285 |   133 ||   514
Invok: Trog's Hand       |       |       |       |     7 |     4 ||    11
       Brothers in Arms  |       |       |       |     4 |     1 ||     5
  Use: Potion            |     3 |       |       |     4 |     1 ||     8
       Scroll            |     2 |       |     5 |    12 |     3 ||    22
Armor: Scale mail        |    37 |    43 |    63 |       |       ||   143
       Chain mail        |       |       |       |    79 |    30 ||   109
Dodge: Dodged            |    30 |    37 |    34 |    58 |    34 ||   193
Block: Kite shield       |    35 |    67 |   107 |   215 |   134 ||   558
       Reflection        |       |       |    11 |    14 |    63 ||    88
       Rpst.: Double sword |       |       |     3 |     9 |     5 ||    17
